Map: Orbital Shipyard

Players

LilDicky - Winner!

  • Race: Terran Terran
  • League: Diamond

Archon

  • Race: Protoss Protoss
  • League: Diamond

VOD

http://www.twitch.tv/tumescentpie

Description

Time

  • Played on: Dec. 24, 2015, 10:39 p.m.
  • Length: 6:15
Show
View Real Time Build Order
Export as new Build Order

LilDicky Terran - Winner!

Build Orders: MMM Bio 

Get SALT Encoding   

  12  0:02  SCV  
  13  0:15  SCV  
  13  0:19  Supply Depot  
  14  0:27  SCV  
  15  0:38  Refinery  
  15  0:41  SCV  
  16  0:45  Barracks  
  16  0:53  SCV  
  17  1:07  SCV  
  18  1:27  SCV  
  19  1:42  Marine  
  19  1:44  Supply Depot  
  19  1:46  Factory  
  20  1:51  Orbital Command  
  20  2:00  Marine  
  21  2:12  Barracks  
  21  2:14  Barracks  
  21  2:17  SCV  
  22  2:24  Barracks Reactor  
  22  2:30  SCV  
  22  2:34  Refinery  
  23  2:42  SCV  
  24  2:53  Supply Depot  
  24  2:54  SCV, Widow Mine  
  27  3:01  Barracks Tech Lab x2  
  27  3:04  Marine  
  27  3:05  Marine  
  29  3:06  SCV  
  30  3:18  SCV  
  31  3:21  Marine x2  
  31  3:22  Marine x2  
  31  3:23  Widow Mine  
  31  3:24  Stimpack  
  36  3:39  Combat Shields, Marine x2  
  36  3:40  Marine x2  
  39  3:52  Engineering Bay  
  39  3:56  SCV  
  39  3:57  Marine  
  39  4:03  Widow Mine  
  39  4:05  Marine  
  39  4:06  Marauder  
  39  4:08  Marine  
  45  4:17  Supply Depot  
  45  4:19  Marine  
  45  4:23  Marine  
  47  4:30  Marauder  
  47  4:38  Marine  
  47  4:42  Marine  
  47  4:43  Marine  
  50  4:51  Marine  
  51  4:56  Marine  
  52  5:00  Marine  
  52  5:01  SCV, Marine  
  52  5:03  Supply Depot  
  55  5:24  Missile Turret  
  55  5:25  Marauder, Marine x3  
  60  5:31  Starport  
  60  5:36  Widow Mine  
  60  5:43  Marauder  
Show
View Real Time Build Order
Export as new Build Order

Archon Protoss 

Build Orders: 1 Gate Expand, Oracle Opening 

Get SALT Encoding   

  12  0:00  Probe (Chrono Boost)  
  13  0:11  Probe (Chrono Boost)  
  14  0:18  Pylon  
  14  0:22  Probe (Chrono Boost)  
  15  0:36  Probe (Chrono Boost)  
  15  0:37  Gateway  
  16  0:43  Assimilator  
  16  0:47  Probe (Chrono Boost)  
  17  0:57  Probe (Chrono Boost)  
  18  1:08  Probe (Chrono Boost)  
  19  1:23  Nexus  
  19  1:34  Cybernetics Core  
  19  1:37  Probe (Chrono Boost)  
  20  1:47  Assimilator  
  20  1:50  Probe (Chrono Boost)  
  21  1:58  Pylon  
  21  2:02  Probe (Chrono Boost)  
  21  2:12  Stargate  
  21  2:15  Adept (Chrono Boost)  
  23  2:19  Probe  
  24  2:24  Warp Gate  
  24  2:31  Probe  
  24  2:35  Probe  
  26  2:45  Probe, Gateway  
  26  2:46  Mothership Core  
  29  3:01  Probe  
  30  3:10  Oracle (Chrono Boost)  
  33  3:17  Probe  
  33  3:18  Probe  
  35  3:20  Assimilator  
  35  3:27  Probe  
  35  3:30  Probe  
  27  3:38  Probe  
  28  3:42  Probe  
  29  3:48  Probe  
  29  3:54  Probe  
  31  3:59  Probe  
  28  4:06  Zealot  
  30  4:10  Probe  
  30  4:11  Probe  
  32  4:20  Probe  
  32  4:21  Robotics Facility  
  32  4:23  Probe  
  34  4:31  Probe  
  34  4:35  Probe  
  36  4:42  Probe, Phoenix (Chrono Boost)  
  39  4:48  Probe  
  40  4:56  Probe  
  41  5:00  Probe  
  42  5:07  Probe  
  42  5:12  Sentry x2, Probe  
  46  5:16  Pylon  
  46  5:17  Pylon  
  46  5:19  Assimilator  
  46  5:32  Probe  
  46  5:34  Observer (Chrono Boost)  
  46  5:35  Sentry x2  
  52  5:38  Probe  
  53  5:43  Probe  
  52  5:52  Pylon  
Tags
 
Add a new tag
Caveats
  • Supply blocks, unpowered buildings, or Contaminate may cause inaccurate times.
  • Supply counts are checked every 10 seconds.